 Dungeon Crawl Stone Soup version 0.32-a0-132-g2d33c3cfaf (webtiles) character file.

Game seed: 3338318760106170948

342 Ge0ff the Poker (level 6, -6/48 HPs)
             Began as a Mummy Chaos Knight on Feb 9, 2024.
             Mangled by Blork the orc
             ... wielding a +0 dire flail
              (16 damage)
             ... on level 4 of the Dungeon.
             The game lasted 00:05:10 (2819 turns).

Ge0ff the Poker (Mummy Chaos Knight)                Turns: 2819, Time: 00:05:10

Health: -6/48      AC:  6    Str: 17    XL:     6   Next: 30%
Magic:  6/6        EV: 11    Int: 12    God:
Gold:   180        SH:  0    Dex: 11    Spells: 5/5 levels left

rFire   . . .        a - +0 spear (chaos)
rCold   + + .        (no shield)
rNeg    + + +        Z - +2 leather armour
rPois   ∞            (no helmet)
rElec   .            T - scarf {rC+ rF+}
rCorr   .            N - +0 pair of gloves
SInv    .            (no boots)
Will    .....        V - amulet of regeneration
Stlth   +            (no ring)
HPRegen 1.08/turn    (no ring)
MPRegen 0.10/turn

%: faith
@: no status effects
A: cold resistance 1, negative energy resistance 3, torment resistance 2, heat
vulnerability 1, in touch with death 1, no potions, faith
a: no special abilities


You were on level 4 of the Dungeon.
You visited 1 branch of the dungeon, and saw 4 of its levels.
You also visited: Sewer.

You collected 180 gold pieces.

Inventory:

Hand Weapons
 a - a +0 spear of chaos (weapon)
 b - a +2 dagger of venom
 L - a +0 quarterstaff
 R - a +0 sling
Missiles
 v - a curare-tipped dart {=F}
 J - 26 poisoned darts
 U - 59 stones (quivered)
Armour
 N - a +0 pair of gloves (worn)
 P - a +0 plate armour
 T - a scarf of resistance (worn)
 Z - a +2 leather armour (worn)
Magical Staves
 O - a staff of earth
Jewellery
 K - an amulet of guardian spirit
 V - an amulet of regeneration (around neck)
Scrolls
 i - 2 scrolls of identify
 m - a scroll of revelation
 y - 2 scrolls of immolation
 C - 2 scrolls of poison
 F - a scroll of fog
 M - a scroll of amnesia
 S - a scroll of butterflies


   Skills:
 + Level 3.8 Fighting
 + Level 5.4 Polearms
 - Level 2.0 Armour
 - Level 1.0 Dodging


You had 5 spell levels left.
You didn't know any spells.
Your spell library contained the following spells:

 Spells                   Type           Power      Damage    Failure   Level
 Ozocubu's Armour         Ice            0%         N/A       75%         3
 Metabolic Englaciation   Hex/Ice        0%         N/A       100%        5
 Sculpt Simulacrum        Ice/Alch       0%         N/A       100%        6


Dungeon Overview and Level Annotations

Branches:
Dungeon (4/15) Zot: 21558   Sewer (visited)
 Temple: D:4-7

Altars:
Ashenzari
Cheibriados
Ru

Annotations:
D:4 Blork the orc


Innate Abilities, Weirdness & Mutations

You are immune to poison.
Your flesh is cold resistant. (rC+)
You are immune to negative energy. (rN+++)
You are immune to unholy pain and torment.
You are vulnerable to heat. (rF-)
You are in touch with the powers of death.
You do not drink.
You have a special connection with the divine. (Faith)


Message History

You barely miss the kobold. You hit the kobold. You burn the kobold.
The kobold is severely wounded.
You hit the kobold.
You kill the kobold!
The kobold barely misses you.
There is a large open door here.
You hit the kobold but do no damage. Lightning courses through the kobold!
You kill the kobold!
U - 59 stones (gained 3)
Things that are here:
a +0 club; a kobold corpse
There is a large open door here.
J - 26 poisoned darts (gained 8)
You see here a +0 short sword.
There is a gate leading back out of this place here.
Y - a scroll labelled CETWED WAUXEPH Done exploring.
Search for what [Enter for "@ego||artefact||jewel||troll||scales||shield||talisman||manual||trap", or ? for help]? @ego||artefact||jewel||troll||scales||shield||talisman||manual||trap
There is a gate leading back out of this place here.
Welcome back to the Dungeon!
There is a collapsed entrance here.
As you read the scroll of identify, it crumbles to dust.
Y - a scroll of fog;
F - a scroll of fog You enter the shallow water.
Moving in this stuff is going to be slow.
Blork the orc comes into view.
He is wielding a +0 dire flail.
Blork the orc shouts!
Blork the orc gestures at you while chanting.
The puff of flame misses you.
You start waiting.
Blork the orc is nearby!
You reach to attack!
You hit Blork the orc. You burn Blork the orc.
Blork the orc is lightly wounded.
You hit Blork the orc but do no damage. Your punch misses Blork the orc.
Blork the orc is lightly wounded.
You hit Blork the orc.
Blork the orc flies into a frenzy!
Blork the orc is moderately wounded.
Blork the orc hits you with a +0 dire flail!
Blork the orc hits you with a +0 dire flail.
You are too injured to fight recklessly!
You are too injured to fight recklessly!
You hit Blork the orc. You drain Blork the orc.
Blork the orc is heavily wounded.
Blork the orc hits you with a +0 dire flail!!
* * * LOW HITPOINT WARNING * * *
You hit Blork the orc. You punch Blork the orc.
Blork the orc is heavily wounded.
Blork the orc hits you with a +0 dire flail!
You die...

**,,,##..,,,,,,,..,***,,,*,
***,.....**,*,..##**,,,,,,
***,...##,,,...##*,,,,**
*,*,*...###....#**,,**,
*,****#........#,,<,,,,
############........,,,,,,*
#.~~~~~~~.~#......#.>,,,*,,
####.##########......#.,,,,,,,
##.##..#.#....@o........,,,,,,,
##.............##....####,,,**,,
#.......#.............#**,,***,,
##.....##...##...###..#*,,,***,,
#..#######.##...##*#..#**,,*,,,
#### #........# *#..#*,,,,,*
########........###*.##*,,,***
########..........#*,.**,,,*
#########..........*,,,,,,,***


You could see the neutral Blork the orc (fast, strong, frenzied, very drained).

Vanquished Creatures
  2 kobold brigands (Sewer)
  A scorpion (D:4)
  An iguana (D:4)
  6 adders
  A dart slug (D:1)
  An orc (D:2)
  10 bats
  3 endoplasms
  2 giant cockroaches
  2 goblins
  5 hobgoblins
  4 jackals
  A quokka (D:3)
  6 ball pythons
  2 frilled lizards
  16 kobolds
  7 rats
70 creatures vanquished.

Notes
Turn   | Place    | Note
-------+----------+-------------------------------------------
     0 | D:1      | Ge0ff the Mummy Chaos Knight began the quest for the Orb.
     0 | D:1      | Reached XP level 1. HP: 18/18 MP: 1/1
     0 | D:1      | Fell from the grace of Xom
   356 | D:1      | Reached skill level 3 in Polearms
   356 | D:1      | Reached XP level 2. HP: 24/24 MP: 2/2
   954 | D:2      | Reached XP level 3. HP: 21/29 MP: 3/3
  1182 | D:2      | XOM: summons 2 hostile shadow creatures
  1448 | D:3      | Reached skill level 4 in Polearms
  1726 | D:3      | Found a sacrificial altar of Ru.
  1799 | D:3      | Reached XP level 4. HP: 35/35 MP: 4/4
  1888 | D:3      | Found a faded altar of an unknown god.
  2008 | D:3      | Found a snail-covered altar of Cheibriados.
  2110 | D:3      | XOM: stat loss: -2 Dex (9/11)
  2334 | D:4      | Noticed a scorpion
  2340 | D:4      | Found a broken altar of Ashenzari.
  2351 | D:4      | Killed a scorpion
  2352 | D:4      | Reached XP level 5. HP: 39/41 MP: 5/5
  2364 | D:4      | Reached skill level 5 in Polearms
  2387 | D:4      | Found a glowing drain.
  2402 | Sewer    | Entered a sewer
  2497 | Sewer    | Reached skill level 1 in Dodging
  2585 | Sewer    | Reached XP level 6. HP: 47/47 MP: 6/6
  2804 | D:4      | Noticed Blork the orc
  2819 | D:4      | Mangled by Blork the orc

Illustrated notes

Levels and vault maps discovered:
D:1:      psy_arrival_conway, layout_basic, palyth_stone_intersect
D:2:      layout_basic, basic_altar
D:3:      layout_loops_cross, cheibriados_altar_1,
          mainiacjoe_overflow_surrounded_room, shapermc_ecumenical_altar_pompeii
D:4:      layout_cave_pools, ashenzari_conservatory_becter,
          portal_sewer_entry_d, uniq_sigmund, uniq_blork_the_orc, uniq_duvessa

Skill      XL: |  1  2  3  4  5 |
---------------+----------------+-----
Polearms       | 3 4 5 |  5.4
Dodging        | 1 |  1.0
Armour         | 2 |  2.0
Fighting       | |  3.8

Action                     |  1- 3 |  4- 6 || total
---------------------------+-------+-------++-------
  Melee: Spear             |   150 |   164 ||   314
         Punch             |     1 |     7 ||     8
  Throw: Dart              |       |     1 ||     1
 Invoke: Renounce Religion |     1 |       ||     1
    Use: Scroll            |       |     6 ||     6
   Stab: Sleeping          |     2 |       ||     2
         Distracted        |     1 |       ||     1
         Confused          |       |     1 ||     1
         Petrified         |       |     5 ||     5
 Armour: Leather armour    |    60 |    75 ||   135
  Dodge: Dodged            |    71 |    59 ||   130

Table legend: (Time is in decaauts)
 A = Elapsed time spent in this place.
 B = Non-inter-level travel time spent in this place.
 C = Inter-level travel time spent in this place.
 D = Time resting spent in this place.
 E = Time spent auto-exploring this place.
 F = Levels seen in this place.
 G = Mean time per level.
                   A        B        C        D        E       F      G
               +--------+--------+--------+--------+--------+-----+--------+
         Total |   2819 |   2727 |     92 |    269 |   1718 |   5 |  563.8 |
       Dungeon |   2440 |   2348 |     92 |    269 |   1537 |   4 |  610.0 |
         Sewer |    379 |    379 |      0 |      0 |    181 |   1 |  379.0 |
               +--------+--------+--------+--------+--------+-----+--------+

Top non-repeatable levels by time:
     D:3: 927 daAuts
     D:1: 776 daAuts
     D:2: 613 daAuts
   Sewer: 379 daAuts
     D:4: 123 daAuts
